 Dungeon Crawl Stone Soup version 0.22-a0-192-g6ffc940 (webtiles) character file.

185936 4thArraOfDagon the Earth Mage (level 17, -20/98 HPs)
             Began as a Felid Wanderer on Feb 16, 2018.
             Was a High Priest of Sif Muna.
             Killed from afar by an azure jelly (34 damage)
             ... with an exploding inner flame
             ... created by the Royal Jelly
             ... hexed by the player character
             ... on level 5 of the Pits of Slime.
             The game lasted 02:24:02 (22614 turns).

4thArraOfDagon the Earth Mage (Felid Wanderer)     Turns: 22614, Time: 02:24:02

Health: -20/98     AC: 26    Str:  7      XL:     17   Next: 13%
Magic:  14/26      EV: 41    Int: 27      God:    Sif Muna [*****.]
Gold:   1986       SH:  0    Dex: 26 (28) Spells: 4/38 levels left
                                        Lives:  0   Deaths: 5

rFire    . . .     SeeInvis +     - Unarmed
rCold    . . .     Gourm    .   (shield unavailable)
rNeg     + . .     Faith    .   (armour unavailable)
rPois    ∞         Spirit   .   (helmet unavailable)
rElec    +         Reflect  .   (cloak unavailable)
rCorr    +         Harm     +   (gloves unavailable)
MR       ++...                  (boots unavailable)
Stlth    ++++++....             g - amulet of Awuobugu {Harm *Drain rPois Dex+3}
HPRegen  0.26/turn              i - +5 ring of intelligence
MPRegen  0.20/turn              N - ring of resist corrosion

@: brilliant, agile, statue-form, divine energy, very slow
A: very small, no armour, no weapons or thrown items, stealth, claws 1, fangs 3,
horns 1, see invisible, carnivore, deterioration 2, low mp 2, poison resistance,
screaming 1, slow metabolism 1, subdued magic 2, sharp paws
}: 2/15 runes: decaying, gossamer
a: End Transformation, Stop Divine Energy, Channel Magic, Forget Spell, Renounce
Religion


You were on level 5 of the Pits of Slime.
You worshipped Sif Muna.
Sif Muna was extremely pleased with you.
You were full.
You were a stone statue.
You visited 7 branches of the dungeon, and saw 39 of its levels.
You also visited: Bailey and Ice Cave.

You collected 3358 gold pieces.
You spent 1372 gold pieces at shops.

Inventory:

Missiles
 f - 697 stones
Jewellery
 g - the amulet of Awuobugu (around neck) {Harm *Drain rPois Dex+3}
   (You acquired it on level 12 of the Dungeon)

   [amulet of harm]

   It increases damage dealt and taken.
   It affects your dexterity (+3).
   It protects you from poison.
   It causes draining when unequipped.
 i - a +5 ring of intelligence (left paw)
 n - an uncursed ring of positive energy
 x - an uncursed ring of protection from magic
 H - a +3 ring of intelligence
 J - an uncursed ring of positive energy
 K - an uncursed ring of fire
 N - a ring of resist corrosion (right paw)
 X - an uncursed ring of protection from cold
Wands
 j - a wand of digging (22)
 k - a wand of scattershot (4)
 l - a wand of clouds (3)
 r - a wand of acid (1)
 B - a wand of iceblast (11)
 L - a wand of flame (30)
 U - a wand of paralysis (12)
Scrolls
 h - a scroll of blinking
 m - 9 scrolls of remove curse
 w - 5 scrolls of teleportation
 E - 7 scrolls of fog
 I - 3 scrolls of amnesia
 R - a scroll of holy word
 S - a scroll of silence
 T - 2 scrolls of vulnerability
Potions
 d - 2 potions of heal wounds
 e - 4 potions of flight
 p - 8 potions of lignification
 s - 2 potions of ambrosia
 t - 12 potions of curing
 z - 4 potions of resistance
 F - a potion of invisibility
 G - a potion of mutation
 M - 4 potions of brilliance
 O - 2 potions of berserk rage
 W - a potion of magic
 Z - a potion of might
Books
 a - a book of the Dragon

   Spells                             Type                      Level
   a - Flame Tongue                   Conjuration/Fire             1
   b - Cause Fear                     Hexes                        4
   c - Bolt of Fire                   Conjuration/Fire             6
   d - Dragon Form                    Transmutation                7
   e - Dragon's Call                  Summoning                    9
 b - Sif Muna's Grimoire of Protection

   Spells                             Type                      Level
   a - Infusion                       Charms                       1
   b - Ozocubu's Armour               Charms/Ice                   3
 y - a Necronomicon

   Spells                             Type                      Level
   a - Haunt                          Necromancy/Summoning         7
   b - Borgnjor's Revivification      Necromancy                   8
   c - Death's Door                   Charms/Necromancy            8
   d - Infestation                    Necromancy                   8
   e - Necromutation                  Transmutation/Necromancy     8
 A - a book of the Earth

   Spells                             Type                      Level
   a - Leda's Liquefaction            Hexes/Earth                  4
   b - Bolt of Magma                  Conjuration/Fire/Earth       5
   c - Statue Form                    Transmutation/Earth          6
   d - Iron Shot                      Conjuration/Earth            6
   e - Shatter                        Earth                        9
 C - a book of the Sky

   Spells                             Type                      Level
   a - Summon Lightning Spire         Summoning/Air                4
   b - Silence                        Hexes/Air                    5
   c - Deflect Missiles               Charms/Air                   6
   d - Conjure Ball Lightning         Conjuration/Air              6
   e - Tornado                        Air                          9
 D - Sif Muna's Papyrus of Enchantment and Shape Shifting
   (Sif Muna gifted it to you on level 3 of the Swamp)

   Spells                             Type                      Level
   a - Beastly Appendage              Transmutation                1
   b - Tukima's Dance                 Hexes                        3
   c - Spider Form                    Transmutation/Poison         3
   d - Fulminant Prism                Conjuration/Hexes            4
   e - Summon Mana Viper              Hexes/Summoning              5
   f - Silence                        Hexes/Air                    5
   g - Blade Hands                    Transmutation                5
   h - Hydra Form                     Transmutation                6
 P - Ichep's Volume of Transmutation and Ice
   (Sif Muna gifted it to you on level 15 of the Dungeon)

   Spells                             Type                      Level
   a - Ozocubu's Refrigeration        Ice                          6
   b - Statue Form                    Transmutation/Earth          6
Miscellaneous
 o - a box of beasts
 v - a phantom mirror
 Q - a lamp of fire
Comestibles
 c - 34 rations


   Skills:
 - Level 10.1 Fighting
 + Level 16.7 Dodging
 - Level 8.4 Stealth
 * Level 17.5 Unarmed Combat
 - Level 11.3 Spellcasting
 - Level 4.0 Charms
 - Level 10.1 Necromancy
 - Level 7.9 Transmutations
 - Level 17.7 Earth Magic
 - Level 7.7 Invocations
 - Level 6.0 Evocations


You had 4 spell levels left.
You knew the following spells:

 Your Spells              Type           Power        Failure   Level  Hunger
a - Sandblast             Erth           ######       0%          1    None
b - Lee's Rapid Deconstr  Erth           ######....   0%          5    ###....
c - Passwall              Tmut/Erth      ######....   0%          2    None
d - Stone Arrow           Conj/Erth      #####.       1%          3    None
e - Statue Form           Tmut/Erth      ######...    1%          6    #####..
f - Shatter               Erth           ######....   16%         9    #######
g - Regeneration          Chrm/Necr      #####.....   1%          3    None
h - Sublimation of Blood  Necr           ######....   0%          2    None
i - Apportation           Tloc           ###...       1%          1    None
j - Blink                 Tloc           N/A          1%          2    None


Dungeon Overview and Level Annotations

Branches:
Dungeon (15/15)              Lair (6/6) D:9           Swamp (4/4) Lair:3
 Spider (4/4) Lair:2        Slime (5/5) Lair:5          Orc (2/2) D:12
    Elf (3/3) Orc:2        Vaults (0/5) D:13         Depths (0/5) D:15
 Temple: D:4-7

Altars:
Gozag
Okawaru
Sif Muna
Uskayaw
Wu Jian
Beogh
Jiyva

Shops:
D:13 [   Orc:1 [   Orc:2 :([*   Elf:3 [

Annotations:
Lair:3 exclusion: 2 oklob plants
Swamp:2 Donald
Spider:3 Mara
Slime:5 Royal Jelly


Innate Abilities, Weirdness & Mutations

You cannot wear armour.
You are incapable of wielding weapons or throwing items.
Your paws allow you to move quietly. (Stealth)
You have sharp claws.
You have razor-sharp teeth.
You have supernaturally acute eyesight. (SInv)
You are carnivorous and can eat meat at any time.
((You cover ground quickly.))
((Your thick and shaggy fur keeps you warm. (AC +3, rC+)))
You have a slow metabolism.
Your sharp claws are effective at attacking unaware monsters.
You have a pair of small horns on your head.
Your body often deteriorates upon taking damage.
Your magical capacity is very low. (-20% MP)
Your system is resistant to poisons. (rPois)
You occasionally shout uncontrollably at your foes.
Your spells are easier to cast, but less powerful.


Message History

Your body deteriorates!
You feel clumsy.
The Royal Jelly is engulfed in blazing flames.
The death ooze is engulfed in blazing flames.
The acid blob is engulfed in blazing flames.
The acid blob completely misses you.
The azure jelly is engulfed in blazing flames.
The azure jelly explodes!
The fiery explosion engulfs the death ooze.
The death ooze explodes!
The fiery explosion engulfs the death ooze.
You destroy the death ooze!
That felt strangely unrewarding.
The fiery explosion engulfs the Royal Jelly.
The Royal Jelly is almost dead.
The fiery explosion engulfs the acid blob.
The acid blob is heavily wounded.
The fiery explosion engulfs the acid blob.
The acid blob is almost dead.
The fiery explosion engulfs you!
You die...

.....## ...### . #=#
....... ##. $$?##
......... ##..##):(#
.............. /#.##[|||$
.............. ##..##(|$
#............. )##.#:#$(
##.............
##.J########..............
...JGJ§#J8.#..............
#..GG#J§§#................
##.J#########.............
|##.#=#%( #..............
##..##[))) #..............
%#.##(}φ:[##..............
##..##!)$##...............
##. $%(##................
. #?###................


You could see the Royal Jelly (inner flame), 2 acid blobs, an azure jelly, a
shining eye (inner flame), an eye of devastation, 2 death oozes and an eye of
draining (inner flame).

Vanquished Creatures
  An Ice Fiend (IceCv)
  Rupert (Orc:2)
  2 deep elf master archers (Elf:3)
  15 acid blobs
  2 deep elf blademasters (Elf:3)
  The ghost of tsouns the Fighter, an adept GnWn of Okawaru (Spider:4)
  Agnes (Spider:2)
  6 thorn hunters (Swamp:4)
  Roxanne (Elf:3)
  10 azure jellies
  An orc warlord (Orc:2)
  6 deep elf sorcerers (Elf:3)
  7 emperor scorpions
  5 ghost moths
  A deep elf elementalist (Elf:3)
  6 entropy weavers
  6 deep elf demonologists (Elf:3)
  5 deep elf annihilators (Elf:3)
  6 spark wasps
  An ettin (D:15)
  8 death oozes
  7 deep elf death magi
  6 great orbs of eyes
  2 deep elf high priests (Elf:3)
  20 hydras
  A vault guard (D:13)
  A catoblepas (Lair:3)
  3 centaur warriors
  2 tengu warriors
  A death knight (D:14)
  5 two-headed ogres
  11 dancing weapons
  5 alligators
  4 death yaks
  An orc high priest (Orc:2)
  4 large abominations (Elf:1)
  8 deep elf knights
  3 skeletal warriors (D:15)
  4 unseen horrors
  2 glowing orange brains (Slime:4)
  9 swamp dragons
  A deep troll (D:15)
  2 shambling mangroves
  10 deep elf archers
  A phantasmal warrior (D:14)
  31 wolf spiders
  5 orc knights
  34 deep elf magi
  22 orb spiders
  6 orc sorcerers
  13 ugly things
  2 manticores
  2 cyclopes
  4 moths of wrath
  6 shining eyes
  13 elephants
  Joseph (D:8)
  A centaur zombie (D:11)
  A guardian serpent (Lair:6)
  7 black mambas
  An ice statue (IceCv)
  3 eyes of devastation
  16 spiny frogs
  2 gargoyles
  A torpor snail (Lair:6)
  16 demonic crawlers
  A redback zombie (D:12)
  4 komodo dragons
  A yaktaur (D:15)
  2 golden dragon simulacra (IceCv)
  An efreet (D:13)
  A rime drake (Lair:6)
  7 anaconda simulacra (IceCv)
  4 ice devils (IceCv)
  5 freezing wraiths
  A polar bear (shapeshifter) (Elf:3)
  A tengu conjurer (D:15)
  7 trolls
  A polar bear (Lair:6)
  A wolf spider simulacrum (IceCv)
  3 tyrant leeches
  29 jumping spiders
  6 bog bodies
  Grinder (D:3)
  87 slime creatures
  13 hornets
  11 hippogriffs
  10 blink frogs
  2 meliai zombies
  Sigmund (D:2)
  An air elemental (Elf:2)
  A dire elephant simulacrum (IceCv)
  A vampire (D:15)
  2 wraiths
  84 redbacks
  27 tarantellas
  11 wyverns
  3 hogs (D:12)
  2 water elementals
  47 yaks
  4 basilisks
  2 fire elementals
  3 hungry ghosts
  7 golden eyes
  A human (D:12)
  9 vampire mosquitoes
  2 iron troll simulacra (IceCv)
  3 harpy simulacra (IceCv)
  3 wargs
  10 insubstantial wisps
  20 swamp worms
  2 acid dragons
  22 water moccasins
  13 porcupines
  5 eyes of draining
  11 swamp drakes
  4 ice beasts
  3 necrophages
  8 ogres
  A phantom (D:4)
  26 orc warriors
  3 black bears
  2 centaurs
  9 wolves
  13 crocodiles
  3 elf zombies (Elf:1)
  Blork the orc (Orc:2)
  A gnoll sergeant (D:9)
  9 bullfrogs
  A wyvern skeleton (D:15)
  A scorpion (D:7)
  An elephant simulacrum (IceCv)
  9 killer bees
  3 electric eels
  12 wights
  A howler monkey (D:4)
  3 crimson imps
  4 draconian simulacra (IceCv)
  2 quasits
  4 jellies
  15 orc priests
  A bullfrog zombie (D:12)
  A gnoll shaman (Orc:2)
  8 hounds
  7 bullfrog skeletons
  4 centaur skeletons
  2 iguanas
  23 orc wizards
  Natasha (thrice) (D:2)
  A spriggan simulacrum (IceCv)
  2 hell rats (Lair:5)
  3 worker ants
  A polar bear simulacrum (IceCv)
  8 troll simulacra (IceCv)
  A wolf simulacrum (IceCv)
  2 centaur simulacra (IceCv)
  2 hound zombies
  19 gnolls
  A howler monkey zombie (D:10)
  4 worker ant zombies
  11 adders
  4 ogre simulacra (IceCv)
  8 river rats (Lair:5)
  A shadow imp (D:15)
  6 white imps (IceCv)
  5 ufetubi (IceCv)
  5 oozes
  An adder zombie (D:6)
  An adder skeleton (D:8)
  2 worms
  4 dart slugs
  3 leopard geckos
  94 orcs
  2 ball pythons
  4 giant cockroaches
  4 goblins
  7 hobgoblins
  7 jackals
  5 quokkas
  3 bats
  5 frilled lizards
  11 kobolds
  A leopard gecko skeleton (D:7)
  A quokka zombie (D:9)
  6 rats
  3 briar patches (Swamp:4)
  2 fungi
  2 plants
1328 creatures vanquished.

Vanquished Creatures (collateral kills)
  A shining eye (Slime:5)
  A killer bee (D:7)
  An orc (D:7)
3 creatures vanquished.

Vanquished Creatures (others)
  A tengu warrior (D:15)
  A black mamba (Lair:6)
  A killer bee (D:7)
  2 briar patches (Swamp:4)
  10 fungi
  19 plants
34 creatures vanquished.

Grand Total: 1365 creatures vanquished

Notes
Turn   | Place    | Note
-------+----------+-------------------------------------------
     0 | D:1      | 4thArraOfDagon the Felid Wanderer began the quest for the Orb.
     0 | D:1      | 4thArraOfDagon set off with: a book of Geomancy, Sif Muna's Grimoire of Protection, a ration
     0 | D:1      | Reached XP level 1. HP: 7/7 MP: 4/4
     0 | D:1      | Identified Sif Muna's Grimoire of Protection
     2 | D:1      | Learned a level 1 spell: Sandblast
   156 | D:2      | Noticed Natasha
   221 | D:1      | Reached XP level 2. HP: 11/11 MP: 6/6
   390 | D:4      | Noticed a crimson imp
   446 | D:4      | Noticed a phantom
   502 | D:5      | Entered Level 5 of the Dungeon
   617 | D:4      | Noticed a howler monkey
   632 | D:4      | Noticed a phantom
   646 | D:4      | Reached XP level 3. HP: 14/14 MP: 7/7
   647 | D:4      | Reached XP level 4. HP: 18/18 MP: 8/8
   833 | D:7      | Noticed an orc warrior
   867 | D:6      | Noticed an ogre
   889 | D:6      | Killed an ogre
   889 | D:6      | Reached skill level 5 in Earth Magic
   889 | D:6      | Reached XP level 5. HP: 21/21 MP: 3/9
   908 | D:6      | Noticed a centaur
   926 | D:6      | Noticed an ice beast
   943 | D:6      | Killed an ice beast
   943 | D:6      | Gained mutation: You are covered in thick fur. (AC +2) [Felid growth]
   943 | D:6      | Reached XP level 6. HP: 24/24 MP: 8/10
  1231 | D:6      | Learned a level 5 spell: Lee's Rapid Deconstruction
  1308 | D:7      | Found an ornate altar of the Wu Jian Council.
  1309 | D:7      | Found an opulent altar of Gozag.
  1459 | D:7      | Reached XP level 7. HP: 27/27 MP: 11/11
  1528 | D:7      | Reached skill level 1 in Fighting
  1555 | D:7      | Noticed a hippogriff
  1582 | D:7      | Killed a hippogriff
  1716 | D:7      | Reached skill level 5 in Dodging
  1716 | D:7      | Reached XP level 8. HP: 29/33 MP: 9/14
  1791 | D:7      | Noticed a hippogriff
  1833 | D:7      | Killed a hippogriff
  1833 | D:7      | Reached skill level 1 in Unarmed Combat
  2047 | D:5      | Found a hide-covered altar of Uskayaw.
  2326 | D:4      | Found a deep blue altar of Sif Muna.
  2334 | D:4      | Became a worshipper of Sif Muna the Loreminder
  2748 | D:3      | Noticed Grinder
  2762 | D:3      | Killed Grinder
  2762 | D:3      | Reached skill level 1 in Invocations
  2771 | D:3      | Found an iron altar of Okawaru.
  2924 | D:2      | Killed Natasha
  2974 | D:2      | Reached * piety under Sif Muna
  3047 | D:2      | Noticed Sigmund
  3053 | D:2      | Noticed Natasha
  3109 | D:2      | Killed Natasha
  3134 | D:2      | Killed Sigmund
  3134 | D:2      | Reached XP level 9. HP: 15/38 MP: 3/16
  3142 | D:2      | Found a faded altar of an unknown god.
  3208 | D:2      | Noticed Natasha
  3240 | D:2      | Killed Natasha
  4279 | D:8      | Noticed a two-headed ogre
  4303 | D:8      | Killed a two-headed ogre
  4303 | D:8      | Reached ** piety under Sif Muna
  4358 | D:8      | Reached skill level 5 in Unarmed Combat
  4359 | D:8      | Noticed Joseph
  4453 | D:8      | Learned a level 2 spell: Passwall
  4486 | D:8      | Killed Joseph
  4486 | D:8      | Reached XP level 10. HP: 30/43 MP: 18/18
  4605 | D:8      | Reached skill level 5 in Spellcasting
  4680 | D:9      | Noticed a two-headed ogre
  4696 | D:9      | Noticed a two-headed ogre
  4722 | D:9      | Found a flagged portal.
  4732 | Bailey   | Entered a bailey
  5132 | Bailey   | Noticed an orc knight
  5139 | Bailey   | Killed an orc knight
  5195 | D:9      | Sergey: nice reward
  5200 | D:9      | Learned a level 3 spell: Stone Arrow
  5271 | D:9      | Reached skill level 5 in Fighting
  5286 | D:9      | Reached *** piety under Sif Muna
  5538 | D:9      | Reached skill level 10 in Earth Magic
  5698 | D:9      | Killed a two-headed ogre
  5708 | D:9      | Found a staircase to the Lair.
  5746 | D:9      | Reached skill level 5 in Stealth
  5772 | D:9      | Killed a two-headed ogre
  5772 | D:9      | Reached XP level 11. HP: 48/48 MP: 10/20
  5950 | D:10     | Entered Level 10 of the Dungeon
  6137 | D:10     | Reached **** piety under Sif Muna
  6502 | D:11     | Reached skill level 5 in Invocations
  6588 | D:12     | Noticed an unseen horror
  6591 | D:12     | Killed an unseen horror
  6734 | D:12     | Noticed a two-headed ogre
  6738 | D:12     | Killed a two-headed ogre
  6763 | D:11     | Noticed a green ugly thing
  6917 | D:12     | Identified a scroll of acquirement
  6967 | D:12     | Found a staircase to the Orcish Mines.
  6993 | D:12     | Identified the amulet of Awuobugu {Harm *Drain rPois Dex+3} (You acquired it on level 12 of the Dungeon)
  7087 | D:12     | Noticed an eight-headed hydra
  7104 | D:12     | Killed an eight-headed hydra
  7234 | D:12     | Found an opulent altar of Gozag.
  7303 | D:12     | Gained mutation: Your thick and shaggy fur keeps you warm. (AC +3, rC+) [Felid growth]
  7303 | D:12     | Reached XP level 12. HP: 41/52 MP: 22/22
  7343 | D:13     | Noticed a centaur warrior
  7344 | D:13     | Killed a centaur warrior
  7471 | D:13     | Found Zumm's Antique Armour Shoppe.
  7492 | D:14     | Reached ***** piety under Sif Muna
  7507 | D:14     | Splashed by an acid dragon's acid
  7508 | D:14     | Reached XP level 11. HP: -6/48 MP: 20/21
  7567 | D:14     | Gained mutation: You are agile. (Dex +2) [potion of mutation]
  7567 | D:14     | Gained mutation: You possess an exceptional clarity of mind. [potion of mutation]
  7567 | D:14     | Gained mutation: Your muscles are strong. (Str +2) [potion of mutation]
  7598 | D:14     | Noticed a brown ugly thing
  7598 | D:14     | Noticed a brown ugly thing
  7598 | D:14     | Noticed a brown ugly thing
  7598 | D:14     | Noticed a brown ugly thing
  7599 | D:14     | Noticed a brown ugly thing
  7604 | D:14     | Killed a brown ugly thing
  7613 | D:14     | Killed a red ugly thing
  7613 | D:14     | Killed a red ugly thing
  7615 | D:14     | Killed a brown ugly thing
  7616 | D:14     | Killed a brown ugly thing
  7709 | D:13     | Noticed an unseen horror
  7715 | D:13     | Killed an unseen horror
  7798 | D:14     | Noticed a death knight
  7798 | D:14     | Noticed a phantasmal warrior
  7829 | D:14     | Killed a death knight
  7963 | D:13     | Noticed a tengu warrior
  7970 | D:13     | Killed a tengu warrior
  8075 | D:13     | Found a gate to the Vaults.
  8075 | D:13     | Noticed a vault guard
  8076 | D:13     | Killed a vault guard
  8076 | D:13     | Reached skill level 10 in Dodging
  8247 | D:15     | Entered Level 15 of the Dungeon
  8302 | D:15     | Identified Ichep's Volume of Transmutation and Ice (Sif Muna gifted it to you on level 15 of the Dungeon)
  8302 | D:15     | Received a gift from Sif Muna
  8316 | D:15     | Noticed a tengu warrior
  8322 | D:15     | Noticed a centaur warrior
  8324 | D:15     | Noticed an ettin
  8335 | D:15     | Killed a tengu warrior
  8335 | D:15     | Reached XP level 12. HP: 35/54 MP: 23/23
  8338 | D:15     | Killed a centaur warrior
  8341 | D:15     | Killed an ettin
  8345 | D:15     | Noticed a two-headed ogre
  8350 | D:15     | Killed a two-headed ogre
  8363 | D:15     | Learned a level 6 spell: Statue Form
  8423 | D:15     | Found a staircase to the Depths.
  8426 | D:15     | Reached skill level 1 in Transmutations
  8432 | D:15     | Noticed a centaur warrior
  8434 | D:15     | Killed a centaur warrior
  8434 | D:15     | Reached skill level 10 in Unarmed Combat
  8441 | D:15     | wazuzu: czy tylko miales sandblast i lrd?
  8677 | D:15     | Noticed a seven-headed hydra
  8691 | D:15     | Killed a seven-headed hydra
  8828 | D:15     | Reached XP level 13. HP: 57/57 MP: 9/25
  9131 | D:13     | Reached skill level 5 in Transmutations
  9381 | Orc:1    | Entered Level 1 of the Orcish Mines
  9391 | Orc:2    | Entered Level 2 of the Orcish Mines
  9430 | Orc:1    | Found Juhuilox's Armour Emporium.
  9547 | Orc:2    | Noticed Rupert
  9562 | Orc:2    | Killed Rupert
  9686 | Orc:2    | Found a staircase to the Elven Halls.
  9714 | Orc:2    | Noticed Blork the orc
  9725 | Orc:2    | Paralysed by an orc sorcerer for 3 turns
  9776 | Orc:2    | Noticed an orc warlord
  9795 | Orc:2    | Killed an orc warlord
  9892 | Orc:2    | Killed Blork the orc
  9909 | Orc:2    | Found a roughly hewn altar of Beogh.
  9925 | Orc:2    | Received a gift from Sif Muna
  9937 | Orc:2    | Learned a level 9 spell: Shatter
  9960 | Orc:2    | Found Reczil's Antique Weapon Boutique.
  9989 | Orc:2    | Found Isigokol's Book Boutique.
 10006 | Orc:2    | Found Vemiffas's Antique Armour Boutique.
 10022 | Orc:2    | Found Cacurhir's General Store.
 10029 | Orc:2    | Bought a potion of curing for 48 gold pieces
 10055 | Elf:1    | Entered Level 1 of the Elven Halls
 10327 | Elf:3    | Entered Level 3 of the Elven Halls
 10600 | Elf:3    | Noticed a deep elf sorcerer
 10676 | Elf:3    | Reached XP level 14. HP: 50/63 MP: 22/27
 10705 | Elf:3    | Killed a deep elf sorcerer
 10767 | Elf:3    | Found Coynk's Armour Shop.
 11104 | Elf:3    | Noticed Roxanne
 11108 | Elf:3    | Killed Roxanne
 11306 | Elf:3    | Identified the Catalogue of Confrontation
 11400 | Elf:3    | Noticed a deep elf sorcerer
 11410 | Elf:3    | Killed a deep elf sorcerer
 11732 | Elf:3    | Noticed a deep elf elementalist
 11747 | Elf:3    | Noticed a deep elf sorcerer
 11756 | Elf:3    | Noticed an Executioner
 11760 | Elf:3    | Noticed a balrug
 11761 | Elf:3    | Killed a deep elf elementalist
 11765 | Elf:3    | Noticed a deep elf sorcerer
 11766 | Elf:3    | Killed a deep elf sorcerer
 11773 | Elf:3    | Reached XP level 15. HP: 67/67 MP: 8/28
 11774 | Elf:3    | Noticed a deep elf sorcerer
 11776 | Elf:3    | Killed a deep elf sorcerer
 11780 | Elf:3    | Killed a ghostly deep elf sorcerer
 11924 | Elf:3    | Noticed a deep elf blademaster
 11930 | Elf:3    | Killed a deep elf blademaster
 11947 | Elf:3    | Noticed a deep elf master archer
 12077 | Elf:3    | Noticed a deep elf sorcerer
 12086 | Elf:3    | Killed a deep elf master archer
 12087 | Elf:3    | Killed a deep elf sorcerer
 12484 | Elf:3    | Noticed a deep elf master archer
 12486 | Elf:3    | Killed a deep elf master archer
 12491 | Elf:3    | Noticed a deep elf blademaster
 12504 | Elf:3    | Killed a deep elf blademaster
 12504 | Elf:3    | Killed from afar by a deep elf high priest
 12505 | Elf:3    | Reached XP level 14. HP: 0/84 MP: 9/27
 12649 | Elf:3    | Identified the ring "Keos Qoth" {Str+4 Dex+3} (You took it off a deep elf annihilator on level 3 of the Elven Halls)
 12839 | Elf:3    | Killed a deep elf sorcerer
 12962 | Elf:1    | Reached skill level 10 in Fighting
 13257 | Elf:1    | Identified the Disquisition on Evil
 13376 | Elf:1    | Received a gift from Sif Muna
 13388 | Elf:1    | Learned a level 3 spell: Regeneration
 13454 | Elf:2    | Reached skill level 1 in Charms
 13454 | Elf:2    | Reached XP level 15. HP: 69/69 MP: 28/28
 13546 | Elf:2    | Reached skill level 1 in Necromancy
 13665 | Orc:2    | Bought a Necronomicon for 1324 gold pieces
 13923 | Lair:1   | Entered Level 1 of the Lair of Beasts
 14254 | Lair:2   | Got a clouded silver ring
 14256 | Lair:2   | Identified the cursed ring "Mahiah" {EV-3 Int+4} (You found it on level 2 of the Lair of Beasts)
 14776 | Lair:5   | Found a staircase to the Slime Pits.
 14841 | Lair:6   | Entered Level 6 of the Lair of Beasts
 14923 | Lair:6   | Reached skill level 15 in Earth Magic
 14996 | Lair:6   | Identified Sif Muna's Incunabulum of Attacks (Sif Muna gifted it to you on level 6 of the Lair of Beasts)
 14996 | Lair:6   | Received a gift from Sif Muna
 15370 | Lair:6   | Learned a level 2 spell: Sublimation of Blood
 15777 | Lair:4   | Reached skill level 5 in Necromancy
 15859 | Lair:3   | Found a staircase to the Swamp.
 15905 | Swamp:1  | Entered Level 1 of the Swamp
 15954 | Swamp:1  | Reached XP level 16. HP: 73/73 MP: 30/30
 16438 | Swamp:2  | Noticed Donald
 16760 | Swamp:3  | Identified Sif Muna's Papyrus of Enchantment and Shape Shifting (Sif Muna gifted it to you on level 3 of the Swamp)
 16760 | Swamp:3  | Received a gift from Sif Muna
 16965 | Swamp:4  | Entered Level 4 of the Swamp
 17080 | Swamp:4  | Noticed a thorn hunter
 17103 | Swamp:4  | Noticed a thorn hunter
 17117 | Swamp:4  | Killed a thorn hunter
 17146 | Swamp:4  | Noticed a thorn hunter
 17157 | Swamp:4  | Killed from afar by a thorn hunter
 17158 | Swamp:4  | Reached XP level 15. HP: 0/89 MP: 28/29
 17161 | Swamp:4  | Noticed a thorn hunter
 17175 | Swamp:4  | Killed a thorn hunter
 17204 | Swamp:4  | Killed a thorn hunter
 17235 | Swamp:4  | Killed a thorn hunter
 17318 | Swamp:4  | Noticed a thorn hunter
 17327 | Swamp:4  | Killed a thorn hunter
 17361 | Swamp:4  | Noticed a thorn hunter
 17374 | Swamp:4  | Killed a thorn hunter
 17404 | Swamp:4  | Reached skill level 15 in Unarmed Combat
 17484 | Swamp:4  | Got a decaying rune of Zot
 17497 | Swamp:4  | Thaneod: no Lernie?
 17626 | Swamp:2  | 4thArraOfDagon: no black mirror? :)
 18113 | Lair:2   | Found a hole to the Spider Nest.
 18134 | Lair:2   | Reached XP level 16. HP: 39/73 MP: 30/30
 18145 | Spider:1 | Entered Level 1 of the Spider Nest
 18301 | Spider:1 | Received a gift from Sif Muna
 18607 | Spider:1 | Reached skill level 15 in Dodging
 18644 | Spider:1 | Reached skill level 10 in Spellcasting
 18830 | Spider:2 | Noticed Agnes
 18837 | Spider:2 | Killed Agnes
 19162 | Spider:3 | Identified Sif Muna's Tome of the Doomed Voyage (Sif Muna gifted it to you on level 3 of the Spider Nest)
 19162 | Spider:3 | Received a gift from Sif Muna
 19165 | Spider:3 | Learned a level 1 spell: Apportation
 19168 | Spider:3 | Learned a level 2 spell: Blink
 19256 | Spider:3 | Noticed Mara
 19345 | Spider:4 | Entered Level 4 of the Spider Nest
 19361 | Spider:4 | Reached XP level 17. HP: 76/76 MP: 16/32
 19479 | Spider:4 | Noticed tsouns's ghost (adept GnWn)
 19483 | Spider:4 | Killed tsouns's ghost
 19574 | Spider:4 | Found a frozen archway.
 19590 | IceCv    | Entered an ice cave
 19926 | IceCv    | Reached skill level 10 in Necromancy
 19937 | IceCv    | Noticed an Ice Fiend
 19944 | IceCv    | Killed an Ice Fiend
 20275 | Spider:4 | Identified Ogid's Guide on Confrontation (Sif Muna gifted it to you on level 4 of the Spider Nest)
 20275 | Spider:4 | Received a gift from Sif Muna
 20567 | Spider:4 | Got a gossamer rune of Zot
 21019 | Slime:1  | Entered Level 1 of the Pits of Slime
 21021 | Slime:1  | Noticed an acid blob
 21023 | Slime:1  | HP: 2/76 [azure jelly (24)]
 21024 | Slime:1  | Noticed an acid blob
 21024 | Slime:1  | Mangled by an azure jelly
 21025 | Slime:1  | Reached XP level 16. HP: -6/73 MP: 31/31
 21025 | Slime:1  | Noticed an acid blob
 21025 | Slime:1  | Noticed an acid blob
 21034 | Slime:1  | Killed an acid blob
 21036 | Slime:1  | Noticed an acid blob
 21038 | Slime:1  | Killed an acid blob
 21043 | Slime:1  | Killed an acid blob
 21087 | Slime:1  | Reached XP level 17. HP: 73/76 MP: 22/32
 21189 | Slime:3  | Noticed an acid blob
 21274 | Slime:3  | Noticed an acid blob
 21288 | Slime:3  | Noticed an acid blob
 21288 | Slime:3  | Noticed an acid blob
 21292 | Slime:2  | Killed an acid blob
 21342 | Slime:3  | Noticed an acid blob
 21342 | Slime:3  | Noticed an acid blob
 21349 | Slime:2  | Killed an acid blob
 21408 | Slime:2  | Killed an acid blob
 21437 | Slime:3  | Noticed an acid blob
 21449 | Slime:2  | Killed an acid blob
 21492 | Slime:3  | Killed an acid blob
 21531 | Slime:4  | Noticed an acid blob
 21534 | Slime:4  | Noticed an acid blob
 21538 | Slime:4  | Noticed an acid blob
 21547 | Slime:3  | Noticed an acid blob
 21555 | Slime:3  | Killed an acid blob
 21598 | Slime:4  | Gained mutation: You are occasionally teleported next to monsters. [a shining eye]
 21695 | Slime:3  | Killed an acid blob
 21735 | Slime:3  | Gained mutation: Your magical capacity is low. (-10% MP) [a shining eye]
 21743 | Slime:3  | Killed an acid blob
 21758 | Slime:3  | Lost mutation: You possess an exceptional clarity of mind. [potion of mutation]
 21758 | Slime:3  | Lost mutation: Your muscles are strong. (Str +2) [potion of mutation]
 21758 | Slime:3  | Lost mutation: Your magical capacity is low. (-10% MP) [potion of mutation]
 21758 | Slime:3  | Gained mutation: Your muscles are strong. (Str +2) [potion of mutation]
 21758 | Slime:3  | Gained mutation: You occasionally shout uncontrollably at your foes. [potion of mutation]
 21758 | Slime:3  | Gained mutation: You are partially covered in iridescent scales. (AC +2) [potion of mutation]
 21759 | Slime:3  | Lost mutation: You are agile. (Dex +2) [potion of mutation]
 21759 | Slime:3  | Lost mutation: You occasionally shout uncontrollably at your foes. [potion of mutation]
 21759 | Slime:3  | Lost mutation: Your muscles are strong. (Str +2) [potion of mutation]
 21759 | Slime:3  | Lost mutation: You are partially covered in iridescent scales. (AC +2) [potion of mutation]
 21759 | Slime:3  | Gained mutation: Your spells are a little easier to cast, but a little less powerful. [potion of mutation]
 21759 | Slime:3  | Gained mutation: You are clumsy. (Dex -2) [potion of mutation]
 21759 | Slime:3  | Gained mutation: You have a somewhat thin skeletal structure. (Dex +2, Stealth) [potion of mutation]
 21760 | Slime:3  | Lost mutation: You have a somewhat thin skeletal structure. (Dex +2, Stealth) [potion of mutation]
 21760 | Slime:3  | Lost mutation: You are clumsy. (Dex -2) [potion of mutation]
 21760 | Slime:3  | Lost mutation: You are occasionally teleported next to monsters. [potion of mutation]
 21760 | Slime:3  | Gained mutation: You have a pair of small horns on your head. [potion of mutation]
 21760 | Slime:3  | Gained mutation: Your system is resistant to poisons. (rPois) [potion of mutation]
 21804 | Slime:4  | Killed an acid blob
 21855 | Slime:5  | Entered Level 5 of the Pits of Slime
 21855 | Slime:5  | Noticed an acid blob
 21865 | Slime:4  | Killed an acid blob
 21869 | Slime:4  | Identified Sif Muna's Handbook of the Escort (Sif Muna gifted it to you on level 4 of the Pits of Slime)
 21869 | Slime:4  | Received a gift from Sif Muna
 22055 | Slime:5  | Reached skill level 1 in Evocations
 22057 | Slime:5  | Noticed an acid blob
 22060 | Slime:5  | Gained mutation: Your magical capacity is low. (-10% MP) [a shining eye]
 22093 | Slime:5  | Noticed an acid blob
 22101 | Slime:4  | Demolished by a large slime creature
 22102 | Slime:4  | Reached XP level 16. HP: -14/94 MP: 24/29
 22110 | Slime:4  | Gained mutation: Your body sometimes deteriorates upon taking damage. [a shining eye]
 22156 | Slime:5  | Noticed an acid blob
 22156 | Slime:5  | Noticed an acid blob
 22163 | Slime:4  | Killed an acid blob
 22201 | Slime:5  | Gained mutation: Your spells are easier to cast, but less powerful. [a shining eye]
 22204 | Slime:4  | Gained mutation: Your magical capacity is very low. (-20% MP) [a shining eye]
 22208 | Slime:4  | Reached skill level 5 in Evocations
 22290 | Slime:4  | Killed an acid blob
 22302 | Slime:5  | Reached XP level 17. HP: 72/76 MP: 11/26
 22524 | Slime:5  | Noticed an acid blob
 22573 | Slime:5  | Found a viscous altar of Jiyva.
 22574 | Slime:5  | Noticed the Royal Jelly
 22598 | Slime:5  | Gained mutation: Your body often deteriorates upon taking damage. [a shining eye]
 22602 | Slime:5  | Gained mutation: You occasionally shout uncontrollably at your foes. [a shining eye]
 22612 | Slime:5  | Noticed an acid blob
 22612 | Slime:5  | Noticed an acid blob
 22614 | Slime:5  | Killed from afar by an azure jelly

Vault maps used:
D:1:      dpeg_arrival_signposts, glass_columns_a
D:2:      chequers_ecumenical_altar_island, first_ration,
          kennysheep_generic_room_9, uniq_sigmund, uniq_natasha
D:3:      kennysheep_nondescript, okawaru_altar_gauntlet_db, uniq_grinder,
          uniq_jessica
D:4:      tgw_sif, st_stairs_1, nrook_mini_backslash, uniq_ijyb
D:5:      nicolae_overflow_hidden_temple, basic_altar
D:6:      wad_woods_settlement, minmay_temple_entry_statues_pillars,
          minmay_holes
D:7:      gammafunk_temple_overflow_statue
D:8:      minmay_sticks_and_stones
D:9:      minmay_lair_entry_grove, enter_bailey_8, minivault_27
D:10:     uniq_josephine
D:12:     hiddenorc2_lemuel, basic_altar, grunt_livestock, basic_loot_grate_trap
D:13:     david_vaults_5, serial_shops, shop, lemuel_flamethrower_3
D:14:     minmay_staircase_windowed_small, nicolae_sextant,
          corexii_mini_fake_secret_closet
D:15:     hangedman_depths_entry_civil_slaughter, nicolae_wwwww,
          lightli_minifort
Lair:1:   beast_lair_carwin_large_3, grunt_megastairs_3
Lair:2:   nicolae_spider_entry_orb_guardian, grunt_megastairs_2
Lair:3:   swamp_mist_pool, kennysheep_catoblepas_arena,
          infiniplex_staircase_pool, minmay_lair_oklob_chamber,
          grunt_megastairs_5
Lair:5:   nicolae_slime_entry_slimehenge, nicolae_quartered_pool_medium,
          kennysheep_rathole
Lair:6:   hangedman_lair_tendril_chambers
Swamp:1:  evilmike_swamp_ruin_house_6, swamp_pool1
Swamp:2:  serial_swamp_ruin, hangedman_swamp_ruin_wall,
          evilmike_swamp_ruin_house_3, uniq_donald
Swamp:3:  nicolae_swamp_stair_fork
Swamp:4:  swamp
Spider:2: cheibrodos_spider_silkery, hangedman_spider_tarantella_strand,
          uniq_agnes
Spider:3: nicolae_spider_circle_web, nicolae_crawler_farm, uniq_mara
Spider:4: guppyfry_spider_rune, portal_ice_cave_entry_pillars_three,
          nicolae_spider_shape
Slime:2:  cheibrodos_slime_lost_civilization_9, nicolae_slime_barrier
Orc:1:    cheibrodos_orc_bank, serial_shops, nicolae_shop_trees
Orc:2:    grunt_orc_cross, basic_altar, nicolae_orc_sculptors_studio,
          uniq_rupert
Elf:1:    minmay_elf_arrival_summoners, grunt_ministairs_10,
          minmay_elf_necromancy
Elf:2:    stair_cage_cross
Elf:3:    elf_hall_gauntlet_narrow, serial_shops, shop_fountains,
          minmay_elf_annihilation, uniq_roxanne
Bailey:   bailey_polearm_2, bailey
IceCv:    ice_cave_caverns_02

Skill      XL: |  1  2  3  4  5  6  7  8  9 10 11 12 13 14 15 16 17 |
---------------+----------------------------------------------------+-----
Earth Magic    | 3 4 5 6 7 8 9 10 12 13 15 16 17 | 17.7
Fighting       | 2 3 4 5 7 8 10 | 10.1
Spellcasting   | 3 4 5 7 8 9 10 11 | 11.3
Dodging        | 5 6 7 8 10 11 12 14 16 | 16.7
Unarmed Combat | 3 5 7 9 10 12 15 17 | 17.5
Invocations    | 1 3 4 6 7 |  7.7
Stealth        | 5 8 7 |  8.4
Transmutations | 4 7 |  7.9
Charms         | 1 4 |  4.0
Necromancy     | 7 9 10 | 10.1
Evocations     | 6 1 |  6.0

Action                   |  1- 3 |  4- 6 |  7- 9 | 10-12 | 13-15 | 16-18 || total
-------------------------+-------+-------+-------+-------+-------+-------++-------
Melee: Unarmed           |    23 |    29 |   369 |   225 |   984 |  1192 ||  2822
       Bite              |     2 |     5 |    44 |    31 |   117 |   147 ||   346
       Punch             |       |       |     3 |     6 |    71 |   132 ||   212
       Headbutt          |       |       |       |       |       |    37 ||    37
 Cast: Sandblast         |     8 |    23 |    79 |   106 |     9 |     2 ||   227
       Lee's Rapid Decon |       |       |    13 |   118 |    89 |    55 ||   275
       Statue Form       |       |       |       |       |    92 |    78 ||   170
       Passwall          |       |       |       |       |     2 |     1 ||     3
       Regeneration      |       |       |       |       |    37 |   177 ||   214
       Stone Arrow       |       |       |       |       |       |     2 ||     2
       Apportation       |       |       |       |       |       |     8 ||     8
Invok: Divine Energy     |       |       |     1 |       |       |       ||     1
       Channel Magic     |       |       |       |    14 |    11 |    20 ||    45
 Abil: End Transformatio |       |       |       |       |    22 |    20 ||    42
Evoke: Wand              |     2 |     6 |    19 |    20 |    14 |    11 ||    72
       Box of beasts     |       |       |       |       |       |     2 ||     2
       Phantom mirror    |       |       |       |       |       |     1 ||     1
  Use: Scroll            |     7 |     4 |     4 |    14 |    18 |    13 ||    60
       Potion            |       |       |       |     3 |     4 |    16 ||    23
 Stab: Sleeping          |     7 |     2 |    11 |    27 |    41 |    11 ||    99
       Paralysed         |       |    10 |    11 |     1 |       |       ||    22
       Distracted        |       |       |     1 |     2 |     2 |     1 ||     6
       Invisible         |       |       |       |       |     1 |       ||     1
  Eat: Chunk             |     6 |     2 |    13 |    48 |    76 |    47 ||   192
       Ration            |       |       |       |     1 |       |    14 ||    15
Armor: Skin              |     2 |     2 |    14 |    13 |   255 |   537 ||   823
Dodge: Dodged            |    13 |    29 |   387 |   252 |  1577 |  2947 ||  5205
Block: Other             |       |       |    20 |    10 |       |       ||    30
       Reflection        |       |       |       |     2 |       |       ||     2

Table legend:
 A = Spawn XP
 B = Non-spawn XP
 C = Spawn XP percentage of total XP
 D = Spawn monster count
 E = Non-spawn monster count
 F = Spawn count percentage of total count
 G = Total turns spent on level
                    A         B        C        D         E        F      G
               +---------+---------+-------+---------+---------+-------+---------
         Total |       0 |  480592 |   0.0 |       0 |    1320 |   0.0 | 22614
               +---------+---------+-------+---------+---------+-------+---------
           D:1 |       0 |      31 |   0.0 |       0 |      17 |   0.0 |   490
           D:2 |       0 |     389 |   0.0 |       0 |      26 |   0.0 |   575
           D:3 |       0 |     508 |   0.0 |       0 |      28 |   0.0 |   535
           D:4 |       0 |     367 |   0.0 |       0 |      12 |   0.0 |   548
           D:5 |       0 |      91 |   0.0 |       0 |       9 |   0.0 |   457
           D:6 |       0 |     410 |   0.0 |       0 |       6 |   0.0 |   507
           D:7 |       0 |    1449 |   0.0 |       0 |      36 |   0.0 |   974
           D:8 |       0 |    2584 |   0.0 |       0 |      30 |   0.0 |   589
           D:9 |       0 |    5802 |   0.0 |       0 |      57 |   0.0 |   900
          D:10 |       0 |    1932 |   0.0 |       0 |      27 |   0.0 |   542
          D:11 |       0 |    1880 |   0.0 |       0 |      12 |   0.0 |   282
          D:12 |       0 |    5772 |   0.0 |       0 |      56 |   0.0 |   734
          D:13 |       0 |    6193 |   0.0 |       0 |      20 |   0.0 |   636
          D:14 |       0 |    8034 |   0.0 |       0 |      18 |   0.0 |   642
          D:15 |       0 |   18021 |   0.0 |       0 |      43 |   0.0 |   715
        Lair:1 |       0 |    2334 |   0.0 |       0 |      12 |   0.0 |   202
        Lair:2 |       0 |    5477 |   0.0 |       0 |      21 |   0.0 |   426
        Lair:3 |       0 |    8435 |   0.0 |       0 |      32 |   0.0 |   493
        Lair:4 |       0 |    7504 |   0.0 |       0 |      27 |   0.0 |   483
        Lair:5 |       0 |    7717 |   0.0 |       0 |      37 |   0.0 |   431
        Lair:6 |       0 |   19068 |   0.0 |       0 |      66 |   0.0 |   589
       Swamp:1 |       0 |    8142 |   0.0 |       0 |      24 |   0.0 |   379
       Swamp:2 |       0 |    5221 |   0.0 |       0 |      17 |   0.0 |   468
       Swamp:3 |       0 |    5987 |   0.0 |       0 |      15 |   0.0 |   382
       Swamp:4 |       0 |   33971 |   0.0 |       0 |      54 |   0.0 |   559
      Spider:1 |       0 |   23725 |   0.0 |       0 |      67 |   0.0 |   572
      Spider:2 |       0 |   21874 |   0.0 |       0 |      43 |   0.0 |   478
      Spider:3 |       0 |   16152 |   0.0 |       0 |      43 |   0.0 |   369
      Spider:4 |       0 |   50023 |   0.0 |       0 |      90 |   0.0 |   846
       Slime:1 |       0 |   11106 |   0.0 |       0 |      10 |   0.0 |    99
       Slime:2 |       0 |   18807 |   0.0 |       0 |      20 |   0.0 |   332
       Slime:3 |       0 |   16827 |   0.0 |       0 |      32 |   0.0 |   333
       Slime:4 |       0 |   34419 |   0.0 |       0 |      52 |   0.0 |   515
       Slime:5 |       0 |   10010 |   0.0 |       0 |      17 |   0.0 |   316
         Orc:1 |       0 |     481 |   0.0 |       0 |       4 |   0.0 |    69
         Orc:2 |       0 |   12686 |   0.0 |       0 |      52 |   0.0 |   721
         Elf:1 |       0 |   16151 |   0.0 |       0 |      29 |   0.0 |   790
         Elf:2 |       0 |    4877 |   0.0 |       0 |       8 |   0.0 |   478
         Elf:3 |       0 |   73295 |   0.0 |       0 |      75 |   0.0 |  2284
        Bailey |       0 |    1408 |   0.0 |       0 |      17 |   0.0 |   455
         IceCv |       0 |   11432 |   0.0 |       0 |      59 |   0.0 |   419
               +---------+---------+-------+---------+---------+-------+---------
